prayhack, neutral female sylph Priestess ------------ --------------------------------- ------------ |........... |.-..|..|..-....-..|(.|..|%.-...| |..........| |..........| |.|..|..|..|....|..|..|..|..|...| #...<.......| |..........| |.----+-----....----)--|-----...| #|..........| |....>.....| |...................)...........| ` #|..........| |..........+ |.-|-----|--.......---|---|--...| # #------------ --.--------- |.|..|..|..|......{|..%.|...|...| # ### # |.|..|..|..|.......|...[|%%.|...| # # # |.----+-----.......|.._.|%%%|...| # # # |.............{....|....|%%%|...| # # # #..-------+-------.----------|...| # # ### #|.).)![|...|(((.-.-....|.(..-...| #-----q # |.|.!!!|...|(((.|.|....|(.(.|...| #|.).|E ----.- |[|.%%/|...|((].|.|....|((.(|....####|..M.i |....| # |.---------------.-----------...| %.@@Z| |.....############%##.%..............................| ----- ------ --------------------------------- prayhack the Adept Experience level: 7 Strength: 12 Dexterity: 11 Constitution: 18 Intelligence: 17 Wisdom: 10 Charisma: 8 Health: 0(68) Energy: 79(79) Def: 2 Gold: 23 Moves: 2905 Dungeon seed: s5ZkgIVuID9Wvlmj Game ID: prayhack_1459275017 Your Inventory: Coins $ - 23 gold pieces Amulets K - a blessed amulet of reflection (being worn) Weapons a - a blessed +1 mace (weapon in hand) S - 11 uncursed +0 daggers (in quiver) Armor n - an uncursed +0 small shield (being worn) q - a blessed +1 dwarvish cloak y - an uncursed +0 cloak of magic resistance (being worn) Comestibles c - 2 uncursed cloves of garlic d - 2 uncursed sprigs of wolfsbane p - 3 uncursed food rations t - an uncursed apple v - 3 uncursed tripe rations X - 2 uncursed cherries Potions j - an uncursed potion of object detection Wands f - an uncursed wand of cancellation (0:1) A - an uncursed wand of cold (0:5) Tools k - an uncursed skeleton key l - an uncursed mirror B - an uncursed sack P - an uncursed towel T - an uncursed stethoscope Contents of the sack: an uncursed +0 pick-axe Spells and supernatural/magical abilities: Name Level Category Fail Memory l - light 1 divination 0% 86% r - remove curse 3 clerical 0% 86% O - create monster 2 clerical 0% 86% W - pray for help -- divine ? -- X - turn undead -- divine ? -- Your skills at the end: Miscellaneous Skills shield [Basic] wands [Basic] Weapon Skills mace [Basic] Spellcasting Skills clerical spells [Basic] Final Attributes: You were devoutly aligned. You were poison resistant. You were magic-protected. You saw invisible. You had infravision. You were stealthy. You were protected from shape changers. You had reflection. You are dead. Vanquished creatures: a gnome king 2 orc mummies 4 brown puddings a dwarf lord a water nymph 2 Mordor orcs 7 Uruk-hai a rock piercer 2 yellow lights a violet fungus 3 gnome lords a gnomish wizard 4 giant ants a kitten 5 dwarves a homunculus a kobold lord an iguana 2 centipedes a giant bat a hobbit a gecko a red mold 10 gnomes a gnome zombie 2 jackals 2 kobolds 7 newts a goblin 4 sewer rats 4 grid bugs a kobold zombie 77 creatures vanquished. Voluntary challenges: You were vegetarian. You were an atheist. You used a wielded weapon 139 times, starting on turn 116. You did not apply a unicorn horn. You read items or engraved 1 time, starting on turn 2178. You never genocided any monsters. You never polymorphed an object. You never changed form. You used no wishes. You split 3 puddings, starting on turn 2706. You wrote Elbereth's name 1 time, starting on turn 2178. You never violated your personal moral code. Dungeon overview: The Dungeons of Doom: levels 1 to 5 Level 1 a long staircase Level 2 an armor shop, an altar to Ptah, a fountain Level 3 a fountain Level 4 stairs to The Gnomish Mines Level 5 The Gnomish Mines: levels 5 to 8 Level 5 stairs to The Dungeons of Doom Level 6 Level 7 <- You were here many shops, a temple to Anhur, a magic chest, some fountains Level 8 History has recorded: On T:1 you entered the Dungeons of Doom to retrieve the Amulet of Yendor! On T:372 you reached level 2 of The Dungeons of Doom. On T:824 you reached level 3 of The Dungeons of Doom. On T:1146 you reached level 4 of The Dungeons of Doom. On T:1196 you reached level 5 of The Dungeons of Doom. On T:1239 you reached level 1 of The Gnomish Mines. On T:1245 you advanced to experience level 2. On T:1266 you advanced to experience level 3. On T:1454 you reached level 2 of The Gnomish Mines. On T:1522 you advanced to experience level 4. On T:1544 you reached level 3 of The Gnomish Mines. On T:1660 you entered the Minetown temple On T:1689 you opened a magic chest. On T:1691 you opened a magic chest. On T:1934 you advanced to experience level 5. On T:2342 you advanced to experience level 6. On T:2365 you opened a magic chest. On T:2365 you opened a magic chest. On T:2370 you opened a magic chest. On T:2373 you opened a magic chest. On T:2374 you opened a magic chest. On T:2375 you opened a magic chest. On T:2376 you opened a magic chest. On T:2444 you opened a magic chest. On T:2453 you opened a magic chest. On T:2642 you reached level 4 of The Gnomish Mines. On T:2718 you advanced to experience level 7. On T:2753 you opened a magic chest. Score breakdown: Gold: 23 ( 2 points) Experience: 7 levels ( 600 points) Exploration: 8 levels ( 210 points) Discoveries: 11 items ( 550 points) Variety of kills: 32 monsters ( 1600 points) Major goal: reached Minetown ( 500 points) Survival: died (score multiplied by 3) Total score: 10386 Latest messages: S - an uncursed dagger (in quiver). The mumak butts! You die... Final status: Goodbye prayhack the Priestess, killed by a mumak... You died in The Gnomish Mines on dungeon level 7 with 10386 points, and 23 pieces of gold, after 2905 moves. You were level 7 with a maximum of 68 hit points when you died.